TOP OF THE 1ST |
San Jose Missions batting - Pitching for Vancouver Vipers : RHP Tom Wallace
|
Pitching: RHP Tom Wallace
|
|
Batting: SHB Terry Dailey
|
0-0: Ball 1-0: Foul Ball, location: 2F 1-1: Ball 2-1: Ball 3-1: DOUBLE (Line Drive, 9D)
|
Batting: LHB Phil Cantrell
|
0-0: Ball Throwing error on steal attempt, E2 Terry Dailey scores 1-0: Ball 2-0: Ball 3-0: Base on Balls
|
Batting: RHB Bob Orr
|
0-0: Ball 1-0: Ball 2-0: Ball 3-0: Called Strike 3-1: Foul Ball, location: 2F 3-2: Foul Ball, location: 2F 3-2: Strikes out swinging
|
Batting: RHB Sadao Kato
|
0-0: Ball 1-0: Grounds into double play, 6-4-3 (Groundball, 56)
|
Top of the 1st over - 1 run(s), 1 hit(s), 1 error(s), 0 left on base; San Jose 1 - Vancouver 0 |
BOTTOM OF THE 1ST |
Vancouver Vipers batting - Pitching for San Jose Missions : RHP Francisco Arellano
|
Pitching: RHP Francisco Arellano
|
|
Batting: RHB Miguel Palácios
|
0-0: Ball 1-0: Ball 2-0: Swinging Strike 2-1: Foul Ball, location: 2F 2-2: Strikes out swinging
|
Batting: LHB Dave Gray
|
0-0: Ball 1-0: Ground out 4-3 (Groundball, 4)
|
Batting: LHB Larry Howard
|
0-0: Ball 1-0: Ball 2-0: Foul Ball, location: 2F 2-1: SINGLE (Line Drive, 4M)
|
Batting: LHB Nick English
|
0-0: Ball Larry Howard steals 2nd base 1-0: Swinging Strike 1-1: Called Strike 1-2: Strikes out swinging
|
Bottom of the 1st over - 0 run(s), 1 hit(s), 0 error(s), 1 left on base; San Jose 1 - Vancouver 0 |
TOP OF THE 2ND |
San Jose Missions batting - Pitching for Vancouver Vipers : RHP Tom Wallace
|
Batting: LHB Miguel Montés
|
0-0: Fly out, F7 (Flyball, 7D)
|
Batting: RHB Peter Bishop
|
0-0: Called Strike 0-1: Foul Ball, location: 2F 0-2: Ball 1-2: Ball 2-2: Foul Ball, location: 2F 2-2: Strikes out looking
|
Batting: RHB Ed Starr
|
0-0: Ball 1-0: Ball 2-0: Ball 3-0: Swinging Strike 3-1: Called Strike 3-2: Ground out 5-3 (Groundball, 56S)
|
Top of the 2nd over - 0 run(s), 0 hit(s), 0 error(s), 0 left on base; San Jose 1 - Vancouver 0 |
TOP OF THE 3RD |
San Jose Missions batting - Pitching for Vancouver Vipers : RHP Tom Wallace
|
Batting: LHB Arturo Rivera
|
0-0: Ball 1-0: Ball 2-0: Called Strike 2-1: SINGLE (Groundball, 4MD)
|
Batting: LHB Wilson Vecino
|
0-0: Ball Arturo Rivera steals 2nd base 1-0: Swinging Strike 1-1: Called Strike 1-2: Ball 2-2: Foul Ball, location: 2F 2-2: Ball 3-2: Strikes out looking and he ARGUES THE CALL AND IS TOSSED!
|
Batting: SHB Terry Dailey
|
0-0: Ball 1-0: Ball 2-0: Ball 3-0: Called Strike 3-1: Base on Balls
|
Batting: LHB Phil Cantrell
|
0-0: Called Strike 0-1: Ball 1-1: Foul Ball, location: 2F 1-2: Ball 2-2: Ball 3-2: Base on Balls Arturo Rivera to third Terry Dailey to second
|
Batting: RHB Bob Orr
|
0-0: Called Strike 0-1: Ball 1-1: Swinging Strike 1-2: Strikes out swinging
|
Batting: RHB Sadao Kato
|
0-0: Ball 1-0: Fielders Choice at 2nd, 5-4 (Groundball, 56)
|
Top of the 3rd over - 0 run(s), 1 hit(s), 0 error(s), 2 left on base; San Jose 1 - Vancouver 1 |
BOTTOM OF THE 3RD |
Vancouver Vipers batting - Pitching for San Jose Missions : RHP Francisco Arellano
|
Now at C: Dale Taylor
|
|
Batting: RHB Ryan Parrish
|
0-0: Ball 1-0: Foul Ball, location: 2F 1-1: Foul Ball, location: 2F 1-2: Ball 2-2: Ball 3-2: Foul Ball, location: 2F 3-2: Ground out 3-1 (Groundball, 34)
|
Batting: RHB Miguel Palácios
|
0-0: SINGLE (Flyball, 89S)
|
Batting: LHB Dave Gray
|
0-0: Called Strike Miguel Palácios steals 2nd base 0-1: Ball 1-1: Called Strike 1-2: Ball 2-2: Foul Ball, location: 2F 2-2: Ground out 3-1 (Groundball, 34) Miguel Palácios to third
|
Batting: LHB Larry Howard
|
0-0: Ground out 4-3 (Groundball, 4)
|
Bottom of the 3rd over - 0 run(s), 1 hit(s), 0 error(s), 1 left on base; San Jose 1 - Vancouver 1 |
TOP OF THE 4TH |
San Jose Missions batting - Pitching for Vancouver Vipers : RHP Tom Wallace
|
Batting: LHB Miguel Montés
|
0-0: Ball 1-0: Ball 2-0: Foul Ball, location: 2F 2-1: Foul Ball, location: 2F 2-2: Foul Ball, location: 2F 2-2: Ground out U3 (Groundball, 34)
|
Batting: RHB Peter Bishop
|
0-0: Ball 1-0: Ball 2-0: Ball 3-0: Called Strike 3-1: Ground out 5-3 (Groundball, 56)
|
Batting: RHB Ed Starr
|
0-0: Called Strike 0-1: Fly out, F7 (Line Drive, 7S)
|
Top of the 4th over - 0 run(s), 0 hit(s), 0 error(s), 0 left on base; San Jose 1 - Vancouver 1 |
BOTTOM OF THE 4TH |
Vancouver Vipers batting - Pitching for San Jose Missions : RHP Francisco Arellano
|
Batting: LHB Nick English
|
0-0: Called Strike 0-1: Ground out U3 (Groundball, 3)
|
Batting: RHB Lorenzo González
|
0-0: Ball 1-0: Ball 2-0: Foul Ball, location: 2F 2-1: SOLO HOME RUN (Flyball, 8LXD), Distance : 438 ft
|
Batting: RHB Jesús Gonzáles
|
0-0: Called Strike 0-1: Ball 1-1: Fly out, F4 (Line Drive, 4)
|
Batting: RHB Axel Guimont
|
0-0: Fly out, F4 (Popup, 4M)
|
Bottom of the 4th over - 1 run(s), 1 hit(s), 0 error(s), 0 left on base; San Jose 1 - Vancouver 2 |
TOP OF THE 5TH |
San Jose Missions batting - Pitching for Vancouver Vipers : RHP Tom Wallace
|
Batting: LHB Arturo Rivera
|
0-0: Ball 1-0: Ball 2-0: DOUBLE (Line Drive, 89D)
|
Batting: RHB Dale Taylor
|
0-0: Called Strike 0-1: Called Strike 0-2: Ball 1-2: Ball 2-2: Foul Ball, location: 2F 2-2: Ball 3-2: Foul Ball, location: 2F 3-2: Base on Balls
|
Batting: SHB Terry Dailey
|
0-0: Ball 1-0: Called Strike 1-1: Called Strike 1-2: Ball 2-2: Strikes out swinging
|
Batting: LHB Phil Cantrell
|
0-0: Foul Ball, location: 2F 0-1: Called Strike Arturo Rivera is caught stealing 3rd base Dale Taylor to second 0-2: Ball 1-2: Ball 2-2: Strikes out swinging
|
Top of the 5th over - 0 run(s), 1 hit(s), 0 error(s), 1 left on base; San Jose 1 - Vancouver 2 |
BOTTOM OF THE 5TH |
Vancouver Vipers batting - Pitching for San Jose Missions : RHP Francisco Arellano
|
Batting: RHB Víctor Arredondo
|
0-0: Fly out, F6 (Line Drive, 6M)
|
Batting: RHB Ryan Parrish
|
0-0: Ball 1-0: Ground out 5-3 (Groundball, 56)
|
Batting: RHB Miguel Palácios
|
0-0: Called Strike 0-1: Ball 1-1: Ball 2-1: Foul Ball, location: 2F 2-2: Foul Ball, location: 2F 2-2: Ball 3-2: SINGLE (Groundball, 4MD)
|
Batting: LHB Dave Gray
|
0-0: Called Strike 0-1: Ball 1-1: Ball 2-1: Foul Ball, location: 2F 2-2: Ground out 6-3 (Groundball, 6MS)
|
Bottom of the 5th over - 0 run(s), 1 hit(s), 0 error(s), 1 left on base; San Jose 1 - Vancouver 2 |
TOP OF THE 6TH |
San Jose Missions batting - Pitching for Vancouver Vipers : RHP Tom Wallace
|
Batting: RHB Bob Orr
|
0-0: Ball 1-0: Swinging Strike 1-1: Swinging Strike 1-2: Ball 2-2: Fly out, F9 (Line Drive, 89M)
|
Batting: RHB Sadao Kato
|
0-0: Ball 1-0: Foul Ball, location: 2F 1-1: Hit by Pitch
|
Pitching: RHP José González
|
|
Batting: LHB Miguel Montés
|
0-0: Ball 1-0: Swinging Strike 1-1: Swinging Strike 1-2: SINGLE (Groundball, 56S) (infield hit) Sadao Kato to second
|
Batting: RHB Peter Bishop
|
0-0: Ball 1-0: Ball 2-0: Ball 3-0: Base on Balls Sadao Kato to third Miguel Montés to second
|
Batting: RHB Ed Starr
|
0-0: Ball 1-0: Called Strike 1-1: Swinging Strike 1-2: Foul Ball, location: 2F 1-2: Ball 2-2: Ball 3-2: Strikes out swinging
|
Batting: LHB Arturo Rivera
|
0-0: Ball 1-0: Fly out, F4 (Popup, 3D)
|
Top of the 6th over - 0 run(s), 1 hit(s), 0 error(s), 3 left on base; San Jose 1 - Vancouver 2 |
BOTTOM OF THE 6TH |
Vancouver Vipers batting - Pitching for San Jose Missions : RHP Francisco Arellano
|
Batting: LHB Larry Howard
|
0-0: Ball 1-0: Foul Ball, location: 2F 1-1: Ball 2-1: Foul Ball, location: 2F 2-2: Strikes out swinging, 2-3 out at first.
|
Batting: LHB Nick English
|
0-0: Ball 1-0: Foul Ball, location: 2F 1-1: Ball 2-1: Fly out, F8 (Flyball, 8LM)
|
Batting: RHB Lorenzo González
|
0-0: Called Strike 0-1: Foul Ball, location: 2F 0-2: Ball 1-2: Foul Ball, location: 2F 1-2: Ball 2-2: Foul Ball, location: 2F 2-2: Strikes out swinging
|
Bottom of the 6th over - 0 run(s), 0 hit(s), 0 error(s), 0 left on base; San Jose 1 - Vancouver 2 |
TOP OF THE 7TH |
San Jose Missions batting - Pitching for Vancouver Vipers : RHP José González
|
Batting: RHB Dale Taylor
|
0-0: Ball 1-0: Foul Ball, location: 2F 1-1: Swinging Strike 1-2: Foul Ball, location: 2F 1-2: Strikes out swinging
|
Batting: SHB Terry Dailey
|
0-0: Ball 1-0: Called Strike 1-1: Swinging Strike 1-2: Foul Ball, location: 2F 1-2: Foul Ball, location: 2F 1-2: Ball 2-2: Foul Ball, location: 2F 2-2: Strikes out swinging
|
Pitching: LHP Greg Taylor
|
|
Batting: LHB Phil Cantrell
|
0-0: Ball 1-0: Swinging Strike 1-1: SINGLE (Groundball, 6D)
|
Pitching: RHP Mark Greene
|
|
Batting: RHB Bob Orr
|
0-0: Ball 1-0: Ball 2-0: Ground out 1-3 (Groundball, 13)
|
Top of the 7th over - 0 run(s), 1 hit(s), 0 error(s), 1 left on base; San Jose 1 - Vancouver 2 |
BOTTOM OF THE 7TH |
Vancouver Vipers batting - Pitching for San Jose Missions : RHP Francisco Arellano
|
Batting: RHB Jesús Gonzáles
|
0-0: Called Strike 0-1: Foul Ball, location: 2F 0-2: Strikes out swinging
|
Pitching: RHP Paul Lewis
|
|
Batting: RHB Axel Guimont
|
0-0: Fly out, F7 (Flyball, 7)
|
Batting: RHB Víctor Arredondo
|
0-0: Ball 1-0: Ground out 6-3 (Groundball, 6)
|
Bottom of the 7th over - 0 run(s), 0 hit(s), 0 error(s), 0 left on base; San Jose 1 - Vancouver 2 |
TOP OF THE 8TH |
San Jose Missions batting - Pitching for Vancouver Vipers : RHP Mark Greene
|
Pitching: RHP Jesse Jones
|
|
Batting: RHB Sadao Kato
|
0-0: Swinging Strike 0-1: Ball 1-1: Fly out, F9 (Line Drive, 89M)
|
Batting: LHB Miguel Montés
|
0-0: Ground out 1-3 (Groundball, 13S)
|
Batting: RHB Peter Bishop
|
0-0: Swinging Strike 0-1: Ball 1-1: Foul Ball, location: 2F 1-2: Strikes out looking
|
Top of the 8th over - 0 run(s), 0 hit(s), 0 error(s), 0 left on base; San Jose 1 - Vancouver 2 |
BOTTOM OF THE 8TH |
Vancouver Vipers batting - Pitching for San Jose Missions : RHP Paul Lewis
|
Batting: RHB Ryan Parrish
|
0-0: Ball 1-0: Ball 2-0: Ball 3-0: Foul Ball, location: 2F 3-1: SINGLE (Line Drive, 56D)
|
Batting: RHB Miguel Palácios
|
0-0: Bunt missed! 0-1: Sac Bunt - play at first, batter OUT! 1-4 Ryan Parrish to second
|
Batting: LHB Dave Gray
|
0-0: Ball 1-0: Ball 2-0: Ball 3-0: Called Strike 3-1: Ground out 4-3 (Groundball, 4) Ryan Parrish to third
|
Batting: LHB Larry Howard
|
0-0: Ball 1-0: Fly out, F8 (Flyball, 8RM)
|
Bottom of the 8th over - 0 run(s), 1 hit(s), 0 error(s), 1 left on base; San Jose 1 - Vancouver 2 |
TOP OF THE 9TH |
San Jose Missions batting - Pitching for Vancouver Vipers : RHP Jesse Jones
|
Pitching: RHP Pedro Días
|
|
Batting: RHB Ed Starr
|
0-0: Ball 1-0: Ball 2-0: Ball 3-0: Called Strike 3-1: Called Strike 3-2: Strikes out swinging
|
Batting: LHB Arturo Rivera
|
0-0: Ball 1-0: Foul Ball, location: 2F 1-1: Called Strike 1-2: Ground out 1-3 (Groundball, 13)
|
Batting: RHB Dale Taylor
|
0-0: Ball 1-0: Ground out 6-3 (Groundball, 6)
|
Top of the 9th over - 0 run(s), 0 hit(s), 0 error(s), 0 left on base; San Jose 1 - Vancouver 2 |
|